AoeStats
← DK_Odysseo

Arabian Desert

510324259Analyzed
1v1 RM · 2d ago on Sep 30, 2026· 21m 43s· 2 players
Game mode
Random Map
Map size
Tiny (2 player)
Population
200
Speed
Normal
Resources
Standard
Victory
Conquest
Starting age
Dark Age
Ending age
Imperial Age
RankedLock teamsTeams togetherTeam positionsShared explorationLock speedFull tech treeHidden civsTurbo modeCheats
Victory
Defeat
🇪🇸 Teutons · Spain
1921
+8
🇨🇳 Italians · China
1726
-8
DK_Odysseo
6:39 Loom
9:21 Feudal Age
10:00 Double-Bit Axe
11:05 Horse Collar
13:06 Wheelbarrow
14:36 Fletching
16:02 Padded Archer Armor
21:34 Castle Age
21:17 Scale Barding Armor
21:23 Bloodlines
21:24 Forging
21:52 Gold Mining
21:54 Town Watch
22:38 Chain Barding Armor
丞相终结者
6:17 Loom
9:08 Feudal Age
9:18 Man-at-Arms
9:44 Double-Bit Axe
15:19 Fletching
16:31 Padded Archer Armor
Connection lost

Rejoining the realm…

Still unreachable

The connection could not be restored.

Session expired

The server has moved on; the page needs a fresh start.